 Dungeon Crawl Stone Soup version 0.19.1-1-g22dce08 (webtiles) character file.

36 Macro the Gusty (level 3, -4/21 HPs)
             Began as a Halfling Air Elementalist on Jan 19, 2017.
             Was a Follower of Sif Muna.
             Slain by a worm (6 damage)
             ... on level 2 of the Dungeon.
             The game lasted 00:13:21 (1838 turns).

Macro the Gusty (Halfling Air Elementalist)         Turns: 1838, Time: 00:13:21

Health: -4/21      AC:  2    Str:  9    XL:     3   Next: 57%
Magic:  0/6        EV: 15    Int: 14    God:    Sif Muna [*.....]
Gold:   30         SH:  0    Dex: 14    Spells: 1 memorised, 5 levels left

rFire  . . .     SeeInvis .     g - +0 dagger
rCold  . . .     Gourm    .     a - +0 robe
rNeg   . . .     Faith    .     (shield restricted)
rPois  .         Spirit   .     (no helmet)
rElec  .         Reflect  .     (no cloak)
rCorr  .         Harm     .     (no gloves)
MR     .....                    (no boots)
Stlth  ++........               (no amulet)
                                (no ring)
                                (no ring)

@: very slightly contaminated
A: mutation resistance 1
a: Divine Energy, Renounce Religion


You were on level 2 of the Dungeon.
You worshipped Sif Muna.
Sif Muna was aware of your devotion.
You were not hungry.

You visited 1 branch of the dungeon, and saw 2 of its levels.

You collected 30 gold pieces.

Inventory:

Hand Weapons
 g - a +0 dagger (weapon)
Armour
 a - a +0 robe (worn)
Scrolls
 d - 2 scrolls of teleportation {unknown}
 e - a scroll of amnesia {unknown}
 h - a scroll of enchant weapon {unknown}
 i - a scroll of random uselessness {unknown}
 j - 2 scrolls of identify {unknown}
 k - a scroll of fear {unknown}
Potions
 f - a potion of curing {unknown}
 l - 2 potions of degeneration {unknown}
 m - a potion of mutation {unknown}
 n - a potion of beneficial mutation {unknown}
Books
 b - a book of Air

   Spells                             Type                      Level
   a - Shock                          Conjuration/Air              1
   b - Swiftness                      Charms/Air                   2
   c - Repel Missiles                 Charms/Air                   2
   d - Static Discharge               Conjuration/Air              3
   e - Lightning Bolt                 Conjuration/Air              5


   Skills:
 + Level 0.2 Short Blades
 + Level 2.4 Dodging
 + Level 2.2 Stealth
 + Level 2.0 Spellcasting
 + Level 1.2 Conjurations
 + Level 3.5 Air Magic


You had 5 spell levels left.
You knew the following spells:

 Your Spells              Type           Power        Failure   Level  Hunger
a - Shock                 Conj/Air       #...         12%         1    ##.....


Dungeon Overview and Level Annotations

Branches:
Dungeon (2/15)

Altars:
Dithmenos
Nemelex Xobeh
Sif Muna


Innate Abilities, Weirdness & Mutations

You are small and have problems with some larger weapons.
You are somewhat resistant to further mutation.


Message History

The worm is severely wounded.
The worm bites you!
* * * LOW HITPOINT WARNING * * *
Casting: Shock
Confirm with . or Enter, or press ? or * to list all spells.
Aiming: Shock
Press: ? - help, Shift-Dir - straight line, f/p - worm
Aim: a worm (severely wounded)
The zap hits the worm.
The worm is almost dead.
The worm barely misses you.
Casting: Shock
Confirm with . or Enter, or press ? or * to list all spells.
You don't have enough magic to cast that spell.
You hit the worm.
The worm is almost dead.
You hit the worm.
The worm is almost dead.
The worm bites you.
You die...

##...## #..#..#
#.###.# ##.###.#
##..._#w####
#_....#..'.########
##..._#.##........#
##w###.#.#######.#
## #@###.#.# #.# ..
#..#..#.##### #.#
.# ##...##.....#
#.# ####..#
##.###.###.###.#
#<....# #_#
#.........# #.##.##
### #####.#####
.....# #.# #.####
#.# .....# #####.#


You could see a worm.

Vanquished Creatures
  An adder (D:2)
  A dart slug (D:1)
  2 leopard geckos (D:1)
  A giant cockroach (D:2)
  3 hobgoblins (D:1)
  5 bats (D:1)
  6 goblins (D:1)
  2 kobolds (D:1)
  2 rats (D:1)
23 creatures vanquished.

Notes
Turn   | Place    | Note
-------+----------+-------------------------------------------
     0 | D:1      | Macro the Halfling Air Elementalist began the quest for the Orb.
     0 | D:1      | Reached XP level 1. HP: 11/11 MP: 3/3
    61 | D:1      | Found a sparkling altar of Nemelex Xobeh.
   507 | D:1      | Reached XP level 2. HP: 17/17 MP: 0/4
   773 | D:1      | Reached skill level 1 in Conjurations
   984 | D:1      | Reached XP level 3. HP: 12/21 MP: 0/5
  1282 | D:2      | Found a faded altar of an unknown god.
  1282 | D:2      | Found a shadowy altar of Dithmenos.
  1287 | D:2      | Found a faded altar of an unknown god.
  1308 | D:2      | Found a faded altar of an unknown god.
  1309 | D:2      | Found a faded altar of an unknown god.
  1395 | D:2      | Became a worshipper of Sif Muna the Loreminder
  1395 | D:2      | Reached * piety under Sif Muna
  1526 | D:2      | HP: 1/21 [worm (8)]
  1838 | D:2      | Slain by a worm

Skill      XL: |  1  2  3 |
---------------+----------+-----
Conjurations   | 1 |  1.2
Spellcasting   | 2 |  2.0
Short Blades   | |  0.2
Dodging        | |  2.4
Stealth        | |  2.2
Air Magic      | |  3.5

Action                   || total
-------------------------++-------
Melee: Unarmed           ||    11
       Dagger            ||    49
 Cast: Shock             ||    84
  Eat: Chunk             ||     3
       Bread ration      ||     1
Armor: Robe              ||    18
Dodge: Dodged            ||    53
